 Dungeon Crawl Stone Soup version 0.27.1-34-g3ba077fa99 (webtiles) character file.

Game seed: 16720654049143977841

55940 pkoi the Devastator (level 14, -14/100 HPs)
             Began as a Grey Draconian Conjurer on Jan 25, 2022.
             Was a High Priest of Sif Muna.
             Demolished by a yak (27 damage)
             ... on level 6 of the Lair of Beasts on Jan 26, 2022.
             The game lasted 00:58:49 (32495 turns).

pkoi the Devastator (Grey Draconian Conjurer)      Turns: 32495, Time: 00:58:50

Health: -14/100    AC: 20    Str:  4    XL:     14   Next: 40%
Magic:  31/31      EV: 14    Int: 27    God:    Sif Muna [*****.]
Gold:   1080       SH:  0    Dex: 10    Spells: 6/33 levels left

rFire    + + .     SeeInvis .   G - +7 dagger of Spores {venom, rF+ Will++ rCorr}
rCold    . . .     Faith    .   q - +0 buckler
rNeg     . . .     Spirit   .   (armour unavailable)
rPois    +         Reflect  .   (helmet restricted)
rElec    .         Harm     .   x - +0 cloak
rCorr    +         Rampage  .   (no gloves)
Will     +++..     Rnd*Rage +   m - +4 pair of boots of Vaegg {Str-5 Int+3 Slay+4}
Stlth    ++........             u - amulet of magic regeneration
HPRegen  0.26/turn              D - ring of wizardry
MPRegen  0.47/turn              d - ring of poison resistance

@: lethally poisoned (-14 -> -15), sleeping, studying Shields
A: AC +13, amphibious, unfitting armour, cold-blooded, berserk 1, fire
resistance 1, high mp 1, shaggy fur 1
a: Renounce Religion, Channel Magic, Forget Spell, Divine Exegesis


You were on level 6 of the Lair of Beasts.
You worshipped Sif Muna.
Sif Muna was extremely pleased with you.
You visited 3 branches of the dungeon, and saw 18 of its levels.
You also visited: Bailey and Gauntlet.

You collected 1080 gold pieces.

Inventory:

Hand Weapons
 G - the +7 dagger of Spores (weapon) {venom, rF+ Will++ rCorr}
   (You found it on level 4 of the Lair of Beasts)

   It poisons the flesh of those it strikes.
   rF:        It protects you from fire.
   rCorr:     It protects you from acid and corrosion.
   Will:      It greatly increases your willpower.
Missiles
 p - 22 curare-tipped darts
 r - a throwing net
Armour
 m - the +4 pair of boots of Vaegg (worn) {Str-5 Int+3 Slay+4}
   (You acquired it on level 11 of the Dungeon)

   Str:       It affects your strength (-5).
   Int:       It affects your intelligence (+3).
   Slay:      It affects your accuracy & damage with ranged weapons and melee
   (+4).
 q - a +0 buckler (worn)
 x - a +0 cloak (worn)
Magical Staves
 F - a staff of poison
Jewellery
 c - a ring of positive energy
 d - a ring of poison resistance (right hand)
 g - a ring of protection from cold
 u - an amulet of magic regeneration (around neck)
 w - a ring of protection from fire
 D - a ring of wizardry (left hand)
Wands
 o - a wand of flame (33)
 B - a wand of charming (1)
 E - a wand of iceblast (23)
Scrolls
 b - a scroll of fear
 e - 2 scrolls of enchant armour
 y - 7 scrolls of identify
 A - 3 scrolls of fog
 C - 2 scrolls of amnesia
Potions
 a - 6 potions of heal wounds
 f - 3 potions of haste
 h - 2 potions of ambrosia
 i - 5 potions of curing
 j - 6 potions of might
 n - 2 potions of flight
 s - 2 potions of magic
 t - 3 potions of brilliance
 z - a potion of cancellation


   Skills:
 - Level 2.7 Fighting
 - Level 2.3 Short Blades
 - Level 8.1 Dodging
 - Level 1.7 Stealth
 - Level 4.0 Shields
 + Level 10.3 Spellcasting
 + Level 15.7 Conjurations
 - Level 4.1 Hexes
 + Level 8.4 Summonings
 - Level 3.0 Translocations
 - Level 5.6 Earth Magic
 - Level 9.0 Invocations


You had 6 spell levels left.
You knew the following spells:

 Your Spells              Type           Power      Damage    Failure   Level
a - Magic Dart            Conj           100%       1d8       0%          1
b - Searing Ray           Conj           100%       3d7       0%          2
c - Orb of Destruction    Conj           39%        9d13      2%          7
d - Spellforged Servitor  Conj/Summ      34%        N/A       11%         7
e - Summon Guardian Gole  Hex/Summ       47%        N/A       1%          3
f - Iskenderun's Mystic   Conj/Tloc      59%        2d12      1%          4
g - Stone Arrow           Conj/Erth      100%       3d13      1%          3

Your spell library contained the following spells:

 Spells                   Type           Power      Damage    Failure   Level
 Animate Skeleton         Necr           26%        N/A       1%          1
 Corona                   Hex            40%        N/A       1%          1
 Pain                     Necr           52%        1d6       1%          1
 Shock                    Conj/Air       100%       1d9       1%          1
 Slow                     Hex            36%        N/A       1%          2
 Confusing Touch          Hex            36%        N/A       1%          3
 Dazzling Flash           Conj/Hex       100%       N/A       1%          3
 Gell's Gravitas          Tloc           15%        N/A       1%          3
 Lesser Beckoning         Tloc           15%        N/A       1%          3
 Teleport Other           Tloc           30%        N/A       1%          3
 Fulminant Prism          Conj/Hex       30%        3d16      1%          4
 Corpse Rot               Necr/Air       N/A        N/A       2%          2
 Poisonous Vapours        Pois/Air       26%        N/A       2%          2
 Iron Shot                Conj/Erth      32%        9d7       3%          6
 Vampiric Draining        Necr           6%         2d6       4%          3
 Freezing Cloud           Conj/Ice/Air   21%        6-21      5%          5
 Conjure Ball Lightning   Conj/Air       27%        3x3d8     11%         6
 Silence                  Hex/Air        12%        N/A       19%         5
 Yara's Violent Unravell  Hex/Tmut       12%        3d7       19%         5
 Dispersal                Tloc           15%        N/A       56%         6
 Lehudib's Crystal Spear  Conj/Erth      32%        10d8      77%         8
 Disjunction              Tloc           15%        N/A       100%        8
 Animate Armour           Summ/Erth      Unusable   N/A       N/A         4

Dungeon Overview and Level Annotations

Branches:
Dungeon (11/15)            Temple (1/1) D:6            Lair (6/6) D:11
 Shoals (0/4) Lair:2       Spider (0/4) Lair:3        Slime (0/5) Lair:5
    Orc (0/2) D:10         Bailey (visited)         Gauntlet (visited)

Altars:
Ashenzari
Cheibriados
Dithmenos
Elyvilon
Fedhas
Gozag
Hepliaklqana
Kikubaaqudgha
Makhleb
Nemelex Xobeh
Okawaru
Qazlal
Ru
Sif Muna
Trog
Uskayaw
Vehumet
Wu Jian
Xom
Yredelemnul
Zin
The Shining One

Shops:
D:11 !

Annotations:
D:6 1 runed translucent door, Dormantt's ghost, novice DEFE
D:7 2 transporters, reversiblehash's ghost, novice GnFi
D:11 1 runed translucent door, Duder's ghost, novice MiBe


Innate Abilities, Weirdness & Mutations

Your dull iron-grey scales are very hard. (AC +13)
You are amphibious.
You cannot fit into any form of body armour.
You are cold-blooded and may be slowed by cold attacks.
You tend to lose your temper in combat.
Your flesh is heat resistant. (rF+)
You have an increased reservoir of magic. (+10% MP)
You are covered in fur. (AC +1)


Message History

The bat barely misses you. The cane toad stings you!
You are poisoned.
The cane toad poisons you!
Unknown command.
You feel very sick. You block the bat's attack.
Unknown command.
You feel very sick.
You feel very sick.
The eight-headed hydra roars!
You hear an angry hiss.
The bat barely misses you.
The dream sheep are wreathed in dream dust.
You feel drowsy...
You fall asleep.
The bat completely misses you.
You feel sick. The bat misses you.
The dream sheep bites you but does no damage. x2
The bat misses you.
You feel sick. The bat barely misses you.
The dream sheep bites you but does no damage.
The dream sheep completely misses you.
A komodo dragon comes into view.
The cane toad stings you!!!
You wake up.
* * * LOW HITPOINT WARNING * * *
The komodo dragon hisses angrily.
You hear a loud, deep croak!
Unknown command.
As you read the scroll of teleportation, it crumbles to dust.
You feel strangely unstable.
You feel sick. The bat misses you.
The dream sheep bites you but does no damage. x2
You block the cane toad's attack.
A bat comes into view.
You feel sick.
Your surroundings suddenly seem different.
You feel sick. The basilisk gazes at you. You resist with almost no effort.
You feel sick.
The dream sheep are wreathed in dream dust.
You feel drowsy...
You fall asleep.
You feel sick. The bat hits you but does no damage. The yak gores you!!
You die...

.....##.........#†........##.###+
.....##.........##...##..##### *,
.....#.##...#.#.###.###..P...# **
........#...###..#####.......#***
....††......###...###........#*,,
....####...#.#...#...........#*,,
.F..#.#...........#..........#*,,
............#.......P..#.#...#*,,
Y,.............Y@.....P#*#.†.#***
,#.#.......P........P^.# ##..# ##
,#*##...........b#.....###...###.
,**#......P†................###.P
,,*##...#.......YF..........###..
,,,.............Y.Y#..........#..
,,,..............Y.............#.
,,,,.............l............#.#
,,,,,..................#.#.....##


You could see a yak, a cane toad, a basilisk, 4 dream sheep and a bat.

Vanquished Creatures
  2 boulder beetles
  13 hydras
  A two-headed ogre (D:10)
  11 death yaks
  Sonja (Lair:2)
  A wizard (D:11)
  An orc knight (D:11)
  A necromancer (Lair:3)
  A cyclops (D:11)
  Maurice (D:9)
  5 black mambas
  10 elephants
  Maggie (D:6)
  11 cane toads
  A torpor snail (Lair:5)
  5 komodo dragons
  7 rime drakes
  A troll (D:10)
  A polar bear (Lair:6)
  2 dream sheep (Lair:6)
  26 blink frogs
  Sigmund (D:6)
  43 yaks
  2 wraiths
  4 wyverns
  4 basilisks
  8 vampire mosquitoes
  Menkaure (D:5)
  Edmund (D:6)
  16 water moccasins
  A black bear (D:8)
  A sky beast (D:5)
  8 orc warriors
  3 elephant zombies (Lair:3)
  2 ogres
  A necrophage (D:6)
  7 centaurs
  13 wolves
  A phantom (D:4)
  A komodo dragon zombie (Lair:3)
  8 bullfrogs
  2 gnoll sergeants
  3 kobold brigands
  A scorpion (D:5)
  A wyvern zombie (D:8)
  2 water moccasin zombies
  5 killer bees (D:8)
  12 wights (D:9)
  7 electric eels
  3 howler monkeys (D:8)
  A bullfrog zombie (D:5)
  3 centaur zombies
  A bullfrog skeleton (D:5)
  3 jellies (Lair:5)
  4 orc priests (D:8)
  A basilisk zombie (Lair:3)
  5 hounds
  Crazy Yiuf (D:2)
  A gnoll shaman (D:8)
  Jessica (D:2)
  5 iguanas
  6 orc wizards
  Ijyb (D:5)
  5 hell rats (Lair:4)
  A killer bee zombie (D:9)
  A hound zombie (D:5)
  A howler monkey zombie (D:10)
  Robin (D:2)
  20 gnolls
  9 adders
  3 shadow imps
  An ufetubus (D:5)
  2 worms
  4 dart slugs
  40 orcs
  8 ball pythons
  10 bats
  12 endoplasms
  A giant cockroach (D:5)
  21 goblins
  12 hobgoblins
  A jackal (D:5)
  18 kobolds
  5 quokkas
  2 frilled lizards
  5 rats
481 creatures vanquished.

Vanquished Creatures (others)
  A blink frog (Lair:5)
  3 yaks
  3 bushes
  A demonic plant (Gauntlet)
  58 fungi
  63 plants
129 creatures vanquished.

Grand Total: 610 creatures vanquished

Notes
Turn   | Place    | Note
-------+----------+-------------------------------------------
     0 | D:1      | pkoi the Draconian Conjurer began the quest for the Orb.
     0 | D:1      | Reached XP level 1. HP: 14/14 MP: 3/3
   409 | D:1      | Reached XP level 2. HP: 17/20 MP: 1/5
   456 | D:1      | Learned a level 2 spell: Searing Ray
  1001 | D:2      | Reached XP level 3. HP: 26/26 MP: 1/6
  1160 | D:2      | Noticed Robin
  1186 | D:2      | Killed Robin
  1187 | D:2      | Reached skill level 5 in Conjurations
  1622 | D:2      | Found a faded altar of an unknown god.
  1714 | D:2      | Reached XP level 4. HP: 33/33 MP: 2/7
  2380 | D:2      | Noticed Jessica
  2385 | D:2      | Killed Jessica
  2964 | D:2      | Reached XP level 5. HP: 38/38 MP: 1/9
  3235 | D:2      | Found a runed translucent door.
  3236 | D:2      | Noticed Crazy Yiuf
  3587 | D:3      | Reached skill level 6 in Conjurations
  4480 | D:4      | Noticed a phantom
  4485 | D:4      | Killed a phantom
  4486 | D:4      | Reached XP level 6. HP: 45/45 MP: 4/11
  4932 | D:4      | Reached skill level 7 in Conjurations
  5527 | D:4      | Found a hide-covered altar of Uskayaw.
  5528 | D:4      | Found an ancient bone altar of Kikubaaqudgha.
  5544 | D:5      | Entered Level 5 of the Dungeon
  5547 | D:5      | Noticed Ijyb
  5896 | D:5      | Noticed a water moccasin
  6004 | D:5      | Your scales start taking on a dull iron-grey colour.
  6004 | D:5      | Reached XP level 7. HP: 35/50 MP: 3/13
  6125 | D:5      | Gained mutation: You have an increased reservoir of magic.
                  | (+10% MP) [potion of mutation]
  6125 | D:5      | Gained mutation: You are covered in fur. (AC +1) [potion of
                  | mutation]
  6125 | D:5      | Gained mutation: You tend to lose your temper in combat.
                  | [potion of mutation]
  6125 | D:5      | Gained mutation: Your flesh is heat resistant. (rF+)
                  | [potion of mutation]
  6289 | D:5      | Reached skill level 8 in Conjurations
  6553 | D:5      | Found a sacrificial altar of Ru.
  6957 | D:5      | Reached XP level 8. HP: 57/57 MP: 10/16
  7227 | D:5      | Reached skill level 5 in Spellcasting
  7458 | D:5      | Killed Ijyb
  7610 | D:5      | Noticed Menkaure
  7612 | D:5      | Killed Menkaure
  7613 | D:5      | Reached skill level 1 in Shields
  7613 | D:5      | Reached skill level 9 in Conjurations
  7962 | D:6      | Noticed Maggie
  7977 | D:6      | Killed Maggie
  8286 | D:6      | Found a runed translucent door.
  8292 | D:6      | Noticed Dormantt's ghost (novice DEFE)
  8359 | D:6      | Noticed Sigmund
  8365 | D:6      | Killed Sigmund
  8366 | D:6      | Reached XP level 9. HP: 57/62 MP: 12/19
  8735 | D:6      | Found a staircase to the Ecumenical Temple.
  8735 | D:6      | Noticed Edmund
  8749 | D:6      | Killed Edmund
  8750 | D:6      | Reached skill level 10 in Conjurations
  8755 | Temple   | Entered the Ecumenical Temple
  9267 | Temple   | Became a worshipper of Sif Muna the Loreminder
  9450 | D:2      | Killed Crazy Yiuf
  9964 | D:7      | Found a transporter.
 10005 | D:7      | Reached skill level 5 in Dodging
 10200 | D:7      | Noticed reversiblehash's ghost (novice GnFi)
 10244 | D:7      | You fall into a shaft and drop 1 floor!
 10318 | D:8      | Reached skill level 1 in Invocations
 10752 | D:8      | Noticed a seven-headed hydra
 11177 | D:7      | Reached * piety under Sif Muna
 11864 | D:8      | Reached XP level 10. HP: 35/69 MP: 11/22
 12170 | D:9      | Reached skill level 11 in Conjurations
 12387 | D:9      | Found a bloodstained altar of Trog.
 12738 | D:9      | Found a hazy altar of Hepliaklqana.
 12773 | D:9      | Found a glowing silver altar of Zin.
 12914 | D:10     | Entered Level 10 of the Dungeon
 12961 | D:10     | Found a flagged portal.
 12970 | Bailey   | Entered a bailey
 12990 | Bailey   | Noticed an orc knight
 13012 | D:10     | Noticed a two-headed ogre
 13226 | D:10     | Reached ** piety under Sif Muna
 13394 | D:10     | Found a staircase to the Orcish Mines.
 13501 | D:10     | Killed a two-headed ogre
 13858 | D:10     | Reached skill level 5 in Invocations
 14173 | D:10     | Reached skill level 12 in Conjurations
 15030 | D:11     | Identified a scroll of acquirement
 15030 | D:11     | Acquired the +4 pair of boots of Vaegg {Str-5 Int+3 Slay+4}
 15070 | D:11     | Found a staircase to the Lair.
 15092 | D:11     | Learned a level 7 spell: Orb of Destruction
 15100 | D:11     | Learned a level 7 spell: Spellforged Servitor
 15142 | D:11     | Found Neakhliba's Distillery.
 15193 | D:11     | Found a gate leading to a gauntlet.
 15202 | Gauntlet | Entered a Gauntlet
 15202 | Gauntlet | Found a transporter.
 15202 | Gauntlet | Found a transporter.
 15205 | Gauntlet | Noticed a gargoyle
 15206 | Gauntlet | Found a runed translucent door.
 15208 | Gauntlet | Found a transporter.
 15210 | Gauntlet | Found a runed translucent door.
 15220 | Gauntlet | Found a transporter.
 15220 | Gauntlet | Noticed a catoblepas
 15236 | Gauntlet | Noticed a brown ugly thing
 15237 | Gauntlet | Noticed a glowing orange brain
 15238 | Gauntlet | Found a transporter.
 15238 | Gauntlet | Found a transporter.
 15238 | Gauntlet | Found a transporter.
 15240 | Gauntlet | Found a transporter.
 15240 | Gauntlet | Found a transporter.
 15243 | Gauntlet | Noticed a hell beast
 15251 | Gauntlet | Found a runed translucent gate.
 15252 | Gauntlet | Found a transporter.
 15253 | Gauntlet | Found a runed translucent gate.
 15254 | Gauntlet | Found a runed translucent gate.
 15268 | Gauntlet | Found a transporter.
 15275 | Gauntlet | Noticed a death drake
 15275 | Gauntlet | Noticed a green death
 15278 | Gauntlet | Found a transporter.
 15292 | Gauntlet | Found a transporter.
 15312 | Gauntlet | Found a transporter.
 15314 | Gauntlet | Noticed a glowing orange brain
 15387 | D:11     | Noticed a boulder beetle
 15429 | D:10     | Killed a boulder beetle
 15430 | D:10     | Reached skill level 1 in Summonings
 15430 | D:10     | Reached XP level 11. HP: 38/74 MP: 15/24
 15706 | D:11     | Found a runed translucent door.
 15762 | D:11     | Noticed Duder's ghost (novice MiBe)
 15768 | D:11     | Noticed a four-headed hydra
 15815 | D:11     | Noticed a wizard
 16194 | D:11     | Killed a wizard
 16587 | D:11     | Noticed an orc knight
 16730 | Lair:1   | Entered Level 1 of the Lair of Beasts
 16924 | Lair:1   | Reached *** piety under Sif Muna
 17693 | Lair:1   | Noticed a seven-headed hydra
 17700 | Lair:1   | Killed a seven-headed hydra
 17881 | Lair:1   | Noticed a seven-headed hydra
 17890 | Lair:1   | Killed a seven-headed hydra
 18190 | Lair:1   | Reached skill level 13 in Conjurations
 18801 | Lair:2   | Noticed Sonja
 19015 | Lair:2   | Reached XP level 12. HP: 81/81 MP: 21/27
 20045 | Lair:2   | Noticed an eight-headed hydra
 20052 | Lair:2   | Killed an eight-headed hydra
 20154 | Lair:2   | Killed Sonja
 20204 | Lair:2   | Reached skill level 14 in Conjurations
 20360 | Lair:2   | Found a staircase to the Shoals.
 20856 | Lair:2   | Learned a level 3 spell: Summon Guardian Golem
 20865 | Lair:3   | Noticed a five-headed hydra
 20948 | Lair:2   | Reached skill level 1 in Hexes
 22123 | Lair:2   | Killed a five-headed hydra
 22481 | Lair:2   | Reached skill level 5 in Summonings
 23283 | Lair:3   | Learned a level 4 spell: Iskenderun's Mystic Blast
 23526 | Lair:3   | Reached **** piety under Sif Muna
 23535 | Lair:3   | Reached skill level 1 in Translocations
 24755 | Lair:3   | Found a hole to the Spider Nest.
 25111 | Lair:4   | Reached XP level 13. HP: 86/86 MP: 13/28
 25699 | Lair:4   | Reached skill level 15 in Conjurations
 26362 | Lair:4   | Identified the +7 dagger of Spores {venom, rF+ Will++
                  | rCorr}
 26523 | Lair:4   | Learned a level 3 spell: Stone Arrow
 26568 | Lair:4   | Reached skill level 1 in Earth Magic
 28015 | Lair:5   | Found a staircase to the Slime Pits.
 28413 | Lair:5   | Reached ***** piety under Sif Muna
 28951 | D:9      | Noticed Maurice
 28954 | D:9      | Killed Maurice
 29897 | D:7      | Found a transporter.
 30156 | Lair:5   | Received a gift from Sif Muna
 30157 | Lair:5   | Got Sif Muna's Volume of Hexes and Confrontation {god gift}
 30362 | Lair:6   | Entered Level 6 of the Lair of Beasts
 30377 | Lair:6   | Reached skill level 1 in Fighting
 30546 | Lair:6   | Reached skill level 1 in Short Blades
 30639 | Lair:6   | Reached skill level 10 in Spellcasting
 30639 | Lair:6   | Reached skill level 5 in Earth Magic
 30639 | Lair:6   | Reached XP level 14. HP: 78/96 MP: 15/30
 32495 | Lair:6   | Demolished by a yak

Illustrated notes

Levels and vault maps discovered:
D:1:      heliophobic_arrival_dark_side_of_the_moon, layout_basic,
          minmay_misc_feat_encased
D:2:      layout_loops_corners, ebering_ecumenical_altar_hall,
          uniq_crazy_yiuf_cottage, uniq_jessica, uniq_robin
D:3:      layout_rooms
D:4:      kennysheep_the_goblin_king, layout_basic,
          gammafunk_temple_overflow_statue
D:5:      layout_gridville, nicolae_ru_great_annihilating_truth,
          minmay_manual_macuahuitl, uniq_menkaure, uniq_ijyb
D:6:      layout_gridville, minmay_temple_entry_glass,
          ebering_ghost_reflecting_pool, uniq_sigmund, uniq_edmund, uniq_maggie
D:7:      layout_rooms, gammafunk_ghost_smash, hangedman_decor_peaks_small,
          dk_noncrumbling_2, hex_large
D:8:      layout_basic, grunt_decor_junction, corexii_hall_statues_x
D:9:      layout_loops_cross, kennysheep_little_box,
          mainiacjoe_overflow_alcove_1, old_standard_altar, uniq_maurice
D:10:     layout_basic, david_orc_4, enter_bailey_6, small_statue_alley_b
D:11:     cheibrodos_orc_bank, layout_cave_pools, lair_entry_dummy,
          gauntlet_entry_generic, serial_shops, nicolae_stop_n_shop_1,
          ebering_ghost_reflecting_pool
Temple:   nicolae_temple_elliptical
Lair:1:   layout_regular_city, serial_rivers, chequers_serial_rivers_room_b,
          chequers_serial_rivers_micro_b, chequers_serial_rivers_large_b,
          chequers_serial_rivers_micro_a, chequers_serial_rivers_micro_c,
          chequers_serial_rivers_small_3, lemuel_fruit_tree,
          serial_bayou_shore_b
Lair:2:   layout_small_grid, shoals_dummy_entry, chequers_serial_rivers_small_3,
          infiniplex_staircase_pool_2, grunt_megastairs_5, uniq_sonja
Lair:3:   pond_and_an_island_with_a_cottage, layout_chaotic_city,
          spider_nest_entry_webs, serial_bayou_shore_b, lemuel_fruit_fields,
          infiniplex_staircase_pool
Lair:4:   layout_cave_pods, beast_lair_carwin_2, grunt_megastairs_1,
          serial_bayou_shore_b
Lair:5:   layout_regular_city, nicolae_slime_entry_slimehenge
Lair:6:   evil_forest, layout_layer_cave, portal_ice_cave_demonic_guard,
          roderic_batcave, minmay_lair_oklob_chamber

Skill      XL: |  1  2  3  4  5  6  7  8  9 10 11 12 13 14 |
---------------+-------------------------------------------+-----
Conjurations   | 5 6 7 8 9 10 12 13 14 15 | 15.7
Spellcasting   | 3 4 5 6 7 9 10 | 10.3
Dodging        | 2 3 4 5 6 7 8 |  8.1
Shields        | 2 3 4 |  4.0
Invocations    | 3 5 6 8 9 |  9.0
Summonings     | 1 3 6 7 8 |  8.4
Hexes          | 4 |  4.1
Translocations | 2 3 |  3.0
Earth Magic    | 5 |  5.6
Fighting       | 1 2 |  2.7
Short Blades   | 1 2 |  2.3
Stealth        | |  1.7

Action                   |  1- 3 |  4- 6 |  7- 9 | 10-12 | 13-15 || total
-------------------------+-------+-------+-------+-------+-------++-------
Melee: Unarmed           |    11 |       |       |       |       ||    11
       Tailslap          |     1 |     1 |       |     9 |    22 ||    33
       Short sword       |    20 |     7 |       |       |       ||    27
       Dagger            |       |     5 |     4 |    75 |   133 ||   217
 Cast: Magic Dart        |    46 |   107 |    41 |    55 |    20 ||   269
       Searing Ray       |     3 |    15 |    67 |   130 |    35 ||   250
       Orb of Destructio |       |       |       |    41 |    88 ||   129
       Summon Guardian G |       |       |       |     2 |     2 ||     4
       Stone Arrow       |       |       |       |       |    17 ||    17
       Iskenderun's Myst |       |       |       |       |     7 ||     7
  Use: Scroll            |       |    11 |     5 |     8 |     3 ||    27
       Potion            |       |       |     7 |       |       ||     7
Armor: Skin              |    14 |     4 |    49 |   202 |    86 ||   355
Dodge: Dodged            |    25 |    19 |    66 |   303 |   128 ||   541
Block: Buckler           |       |       |       |       |    17 ||    17
